 Dungeon Crawl Stone Soup version 0.18-a0-1211-g828307d (webtiles) character file.

287 ololoev the Conjurer (level 6, 32/32 HPs)
             Began as a Deep Elf Fire Elementalist on Feb 2, 2016.
             Was a Follower of Cheibriados.
             Quit the game in the Ecumenical Temple.
             The game lasted 00:07:37 (582 turns).

ololoev the Conjurer (Deep Elf Fire Elementalist)    Turns: 582, Time: 00:07:37

Health: 32/32      AC:  3    Str:  7    XL:     6   Next: 8%
Magic:  15/15      EV: 13    Int: 24    God:    Cheibriados [*.....]
Gold:   69         SH:  0    Dex: 17    Spells: 4 memorised, 3 levels left

rFire  . . .     SeeInvis .     (no weapon)
rCold  . . .     Gourm    .     a - +0 robe
rNeg   . . .     Faith    .     (no shield)
rPois  .         Spirit   .     d - +0 helmet
rElec  .         Dismiss  .     (no cloak)
rCorr  .         Reflect  .     (no gloves)
SustAt .         Harm     .     (no boots)
MR     .....                    (no amulet)
Stlth  ++........               (no ring)
                                (no ring)

@: very slow, not resistant to hostile enchantments, unstealthy
A: no striking features
a: Bend Time, Renounce Religion

Inventory:

Armour
 a - a +0 robe (worn)
 d - a +0 helmet (worn)
Scrolls
 e - a scroll of identify {unknown}
 f - 2 scrolls of magic mapping {unknown}
 h - a scroll of enchant armour {unknown}
Books
 b - a book of Flames

   Spells                             Type                      Level
   a - Flame Tongue                   Conjuration/Fire             1
   b - Throw Flame                    Conjuration/Fire             2
   c - Conjure Flame                  Conjuration/Fire             3
   d - Inner Flame                    Hexes/Fire                   3
   e - Sticky Flame                   Conjuration/Fire             4
   f - Fireball                       Conjuration/Fire             5
Comestibles
 c - a bread ration


   Skills:
 - Level 2.4 Dodging
 - Level 2.4 Stealth
 + Level 4.8 Spellcasting
 * Level 4.9 Conjurations
 * Level 4.7 Fire Magic


You had 3 spell levels left. You knew the following spells: Your Spells Type Power Failure Level Hunger a - Flame Tongue Conj/Fire ####. 1% 1 None b - Conjure Flame Conj/Fire ####.... 3% 3 ##..... c - Sticky Flame Conj/Fire ####.... 14% 4 ####... e - Inner Flame Hex/Fire ###..... 12% 3 ##..... You were in the Ecumenical Temple. You worshipped Cheibriados. Cheibriados was aware of your devotion. You were not hungry. You visited 2 branches of the dungeon, and saw 6 of its levels. You collected 69 gold pieces. ≈≈≈≈≈≈≈≈≈≈≈≈≈≈≈≈≈≈≈≈≈≈≈≈≈≈≈≈≈≈≈≈≈ ≈≈≈≈≈≈≈≈≈≈#≈##.≈###..≈#.##≈≈≈≈#.≈ ≈≈≈≈≈≈≈≈≈#8._≈.≈_.8._≈.._..._≈.≈_ ≈≈≈≈≈.≈#≈#..≈..≈≈..≈≈.≈......≈..≈ ≈≈≈≈≈≈..8.≈≈≈≈≈≈.≈≈..≈.≈..≈≈≈≈.≈≈ #.<≈≈.≈.≈.≈..≈..≈≈..≈.≈..≈≈. ≈≈≈≈≈.....≈≈≈≈≈≈≈≈≈...≈≈.≈≈.≈≈... ≈≈≈≈≈.#≈##..≈≈.≈.≈≈≈.≈≈≈......≈≈≈ ≈≈≈≈≈≈≈≈≈..._≈8≈@≈8≈_..._..≈_.8≈_ ≈≈≈≈≈≈≈≈≈#≈#.≈.≈.#≈###≈#≈#≈##≈#≈# ≈≈≈≈≈≈≈≈≈≈≈≈≈≈≈≈≈≈≈≈≈≈≈≈≈≈≈≈≈≈≈≈≈ ≈≈≈≈≈≈≈≈≈≈≈≈≈≈≈≈≈≈≈≈≈≈≈≈≈≈≈≈≈≈≈≈≈ ≈≈≈≈≈≈≈≈≈≈≈≈≈≈≈≈≈≈≈≈≈≈≈≈≈≈≈≈≈≈≈≈≈ ≈≈≈≈≈≈≈≈≈≈≈≈≈≈≈≈≈≈≈≈≈≈≈≈ ≈≈≈≈≈≈≈≈≈≈≈≈≈≈≈≈≈≈≈≈≈≈≈≈ ≈≈≈≈≈≈≈≈≈≈≈≈≈≈ ≈≈≈≈

Notes
Turn   | Place    | Note
--------------------------------------------------------------
     0 | D:1      | ololoev the Deep Elf Fire Elementalist began the quest for the Orb.
     0 | D:1      | Reached XP level 1. HP: 10/10 MP: 6/6
    98 | D:2      | Reached XP level 2. HP: 12/15 MP: 1/8
   138 | D:3      | Found a basalt altar of Yredelemnul.
   162 | D:4      | Noticed namelastname112's ghost (amateur TeMo)
   320 | D:4      | Noticed an ogre
   331 | D:4      | Killed an ogre
   331 | D:4      | Reached skill level 4 in Spellcasting
   331 | D:4      | Reached XP level 3. HP: 16/19 MP: 0/10
   331 | D:4      | Reached XP level 4. HP: 20/24 MP: 0/12
   339 | D:4      | Learned a level 3 spell: Conjure Flame
   344 | D:4      | Learned a level 4 spell: Sticky Flame
   348 | D:4      | Learned a level 3 spell: Inner Flame
   364 | D:5      | Entered Level 5 of the Dungeon
   364 | D:5      | Noticed an ogre
   371 | D:5      | Killed an ogre
   371 | D:5      | Reached XP level 5. HP: 26/28 MP: 1/13
   405 | D:5      | Noticed a water moccasin
   442 | D:5      | Killed a water moccasin
   442 | D:5      | Reached XP level 6. HP: 26/32 MP: 0/15
   516 | D:4      | Found a staircase to the Ecumenical Temple.
   525 | Temple   | Entered the Ecumenical Temple
   558 | Temple   | Became a worshipper of Gozag Ym Sagoz the Greedy
   562 | Temple   | Fell from the grace of Gozag
   562 | Temple   | Became a worshipper of Trog the Wrathful
   562 | Temple   | Reached * piety under Trog
   570 | Temple   | Fell from the grace of Trog
   570 | Temple   | Became a worshipper of the Shining One
   570 | Temple   | Reached * piety under the Shining One
   582 | Temple   | Fell from the grace of the Shining One
   582 | Temple   | Became a worshipper of Cheibriados the Contemplative
   582 | Temple   | Reached * piety under Cheibriados
   582 | Temple   | Quit the game

Dungeon Overview and Level Annotations

Branches:
Dungeon (5/15)             Temple (1/1) D:4

Altars:
Cheibriados
Elyvilon
Fedhas
Gozag
Nemelex Xobeh
Okawaru
Qazlal
Trog
Yredelemnul
Zin
The Shining One

Annotations:
D:4 namelastname112's ghost, amateur TeMo


Message History

Gozag accepts your prayer! Gozag welcomes you!
Gozag waives the service fee.
Gozag offers you a free set of potion effects!
There is a faded altar to an unknown god here.
This altar will convert you to a god.
You cannot discern which.
Do you pray? Trog accepts your prayer!
You have lost your religion!
Gozag does not appreciate desertion!
Trog welcomes you!
You can now call upon Trog to burn spellbooks in your surroundings.
You can now go berserk at will.
You enter the shallow water.
Moving in this stuff is going to be slow.
All of the chunks of flesh in your inventory have rotted away.
There is a faded altar to an unknown god here.
There is a faded altar to an unknown god here.
This altar will convert you to a god.
You cannot discern which.
Do you pray? The Shining One accepts your prayer!
You have lost your religion!
Trog does not appreciate desertion!
You need to enable at least one skill for training.
The Shining One welcomes you!
You and your allies can gain power from killing the unholy and evil.
A divine halo surrounds you!
You enter the shallow water.
Moving in this stuff is going to be slow.
You enter the shallow water.
Moving in this stuff is going to be slow.
There is a faded altar to an unknown god here.
This altar will convert you to a god.
You cannot discern which.
Do you pray? Cheibriados accepts your prayer!
You have lost your religion!
Your divine halo fades away.
Cheibriados welcomes you!
Cheibriados begins to support your attributes as your movement slows.
You can now bend time to slow others.
Cheibriados slows and strengthens your metabolism.
Cheibriados raises the support of your attributes as your movement slows.
Are you sure you want to abandon this character and quit the game? (Confirm with "yes".)

There were no monsters in sight!

Vanquished Creatures
  A water moccasin (D:5)
  2 ogres
  An orc (D:5)
  A giant cockroach (D:3)
  4 goblins
  A hobgoblin (D:1)
  2 jackals (D:4)
  A bat (D:2)
  2 giant newts
  A kobold (D:1)
  A rat (D:1)
17 creatures vanquished.

Action                   |  1- 3 |  4- 6 || total
-------------------------+-------+-------++-------
 Cast: Flame Tongue      |    25 |     7 ||    32
       Inner Flame       |       |     1 ||     1
       Conjure Flame     |       |     2 ||     2
  Use: Potion            |       |     1 ||     1

Vault maps used:
D:1:      scummos_arrival_checkerplants, minmay_curled_crystal
D:2:      minmay_divided_ellipse, uniq_jessica
D:3:      lemuel_crystal_altar, overflow_temple_1_default,
          uniq_crazy_yiuf_cottage
D:4:      nicolae_ru_awakened_eye, lemuel_blue_sif_altar,
          minmay_temple_entry_hall, uniq_robin
D:5:      kiku_gazebo_pond_becter, slow_altar_1, first_bread,
          hangedman_decor_clover_reticule, grunt_pakellas_mercury
Temple:   chequers_temple_sunken_temple
